 Dungeon Crawl Stone Soup version 0.22-a0-348-gd16d139 (webtiles) character file.

242 pyrogen the Chopper (level 5, -4/47 HPs)
             Began as a Minotaur Berserker on Apr 9, 2018.
             Was a Believer of Trog.
             Slain by anet's ghost (10 damage)
             ... on level 5 of the Dungeon.
             The game lasted 00:30:31 (2214 turns).

pyrogen the Chopper (Minotaur Berserker)            Turns: 2214, Time: 00:30:31

Health: -4/47      AC:  8    Str: 22    XL:     5   Next: 81%
Magic:  4/4        EV: 11    Int:  4    God:    Trog [**....]
Gold:   146        SH:  0    Dex: 10    Spells: 4/4 levels left

rFire    . . .     SeeInvis .   a - +0 hand axe
rCold    . . .     Gourm    .   (no shield)
rNeg     . . .     Faith    .   j - +0 scale mail
rPois    .         Spirit   .   (helmet restricted)
rElec    .         Reflect  .   (no cloak)
rCorr    .         Harm     .   l - +0 pair of gloves
MR       .....                  (no boots)
Stlth    ..........             (no amulet)
HPRegen  0.15/turn              (no ring)
MPRegen  0.09/turn              (no ring)

@: confused, berserk cooldown, slowed, drained, very slow
A: retaliatory headbutt, horns 2
a: Berserk, Trog's Hand, Renounce Religion


You were on level 5 of the Dungeon.
You worshipped Trog.
Trog was pleased with you.
You were very hungry.

You visited 1 branch of the dungeon, and saw 4 of its levels.

You collected 146 gold pieces.

Inventory:

Hand Weapons
 a - a +0 hand axe (weapon)
 h - a +0 spear
 s - a +3 quarterstaff of chaos
Missiles
 i - 17 poisoned needles
Armour
 j - a +0 scale mail (worn)
 l - a +0 pair of gloves (worn)
Wands
 p - a wand of flame (16)
Scrolls
 c - a scroll of enchant weapon {unknown}
 g - a scroll of identify
 m - a scroll of blinking {unknown}
 o - 2 scrolls of remove curse {unknown}
Potions
 d - 2 potions of flight {unknown}
 e - a potion of cancellation {unknown}
 k - a potion of heal wounds {unknown}
 n - a potion of invisibility {unknown}
 q - a potion of degeneration {unknown}
 r - a potion of magic {unknown}
Comestibles
 b - 7 chunks of flesh
 f - 5 rations


   Skills:
 + Level 4.8(4.7) Fighting
 * Level 5.7(5.6) Axes
 + Level 3.9(3.8) Armour
 + Level 3.5(3.4) Dodging


You had 4 spell levels left.
You didn't know any spells.

Dungeon Overview and Level Annotations

Branches:
Dungeon (3/15)

Altars:

Annotations:
D:5 anet's ghost, novice GnWz


Innate Abilities, Weirdness & Mutations

You reflexively headbutt those who attack you in melee.
You have a pair of horns on your head.


Message History

Anet's ghost casts a spell.
Anet's ghost blinks!
Anet's ghost points at you and mumbles some strange words.
The ball explodes into a vile cloud!
The stinking cloud engulfs you! Anet's ghost hits you.
* * * LOW HITPOINT WARNING * * *
Anet's ghost casts a spell at you.
The ball explodes into a vile cloud!
The stinking cloud engulfs you!
The stinking cloud engulfs anet's ghost.
Anet's ghost appears unharmed.
You are engulfed in noxious fumes.
* * * LOW HITPOINT WARNING * * *
Anet's ghost mumbles some strange words.
Anet's ghost blinks!
You are engulfed in noxious fumes.
You choke on the stench!
You are confused.
* * * LOW HITPOINT WARNING * * *
Anet's ghost screams, "They lied to you.
The Dungeon just goes down and down forever."
Anet's ghost hits you!
You die...

#.........##.
#............
#............
#............
#............
#...≈≈≈......
#....⌠.......
##..W.§..#..
#..@§§.##
########


You could see anet's ghost.

Vanquished Creatures
  A bullfrog (D:3)
  Crazy Yiuf (D:3)
  Natasha (thrice) (D:2)
  2 adders
  2 worms (D:2)
  A dart slug (D:2)
  2 leopard geckos
  An orc (D:3)
  A giant cockroach (D:2)
  4 hobgoblins
  8 jackals
  A quokka (D:2)
  A ball python (D:1)
  5 bats
  5 frilled lizards
  4 goblins
  5 kobolds
  6 rats
53 creatures vanquished.

Notes
Turn   | Place    | Note
-------+----------+-------------------------------------------
     0 | D:1      | pyrogen the Minotaur Berserker began the quest for the Orb.
     0 | D:1      | Reached XP level 1. HP: 19/19 MP: 0/0
   423 | D:1      | Reached XP level 2. HP: 25/27 MP: 1/1
   430 | D:1      | Reached skill level 4 in Axes
   936 | D:2      | Reached XP level 3. HP: 23/33 MP: 2/2
  1197 | D:2      | Noticed Natasha
  1205 | D:2      | Killed Natasha
  1205 | D:2      | Reached XP level 4. HP: 40/40 MP: 3/3
  1220 | D:2      | Noticed Natasha
  1586 | D:2      | Reached ** piety under Trog
  1784 | D:2      | Killed Natasha
  1784 | D:2      | Reached skill level 5 in Axes
  1878 | D:2      | Noticed Natasha
  1884 | D:2      | Killed Natasha
  2043 | D:3      | Reached XP level 5. HP: 47/47 MP: 4/4
  2112 | D:3      | Found a runed door.
  2116 | D:3      | Noticed Crazy Yiuf
  2122 | D:3      | Killed Crazy Yiuf
  2175 | D:3      | You fall through a shaft for 2 floors!
  2175 | D:5      | Entered Level 5 of the Dungeon
  2175 | D:5      | Noticed anet's ghost (novice GnWz)
  2214 | D:5      | Slain by anet's ghost

Vault maps used:
D:1:      minmay_arrival_checkered_box
D:2:      uniq_natasha
D:3:      first_ration, serial_bayou_lagoon_a, serial_bayou_pond_d,
          uniq_crazy_yiuf_cottage
D:5:      kennysheep_nub, corexii_leaking_fountain, minmay_misc_feat_ornament,
          minivault_5, ashenzari_altar_1

Skill      XL: |  1  2  3  4 |
---------------+-------------+-----
Axes           | 4 5 |  5.7
Fighting       | 4 |  4.8
Armour         | 3 |  3.9
Dodging        | 3 |  3.5

Action                   |  1- 3 |  4- 6 || total
-------------------------+-------+-------++-------
Melee: Hand axe          |    69 |    66 ||   135
       Headbutt          |    12 |    12 ||    24
Invok: Berserk           |     1 |     3 ||     4
  Use: Scroll            |       |     3 ||     3
 Stab: Confused          |       |     1 ||     1
  Eat: Ration            |     1 |       ||     1
       Chunk             |       |     3 ||     3
Armor: Animal skin       |     3 |       ||     3
       Scale mail        |    17 |    34 ||    51
Dodge: Dodged            |    45 |    39 ||    84

Table legend:
 A = Spawn XP
 B = Non-spawn XP
 C = Spawn XP percentage of total XP
 D = Spawn monster count
 E = Non-spawn monster count
 F = Spawn count percentage of total count
 G = Total turns spent on level
                    A         B        C        D         E        F      G
               +---------+---------+-------+---------+---------+-------+---------
         Total |       0 |     346 |   0.0 |       0 |      53 |   0.0 |  2214
               +---------+---------+-------+---------+---------+-------+---------
           D:1 |       0 |      27 |   0.0 |       0 |      20 |   0.0 |   905
           D:2 |       0 |     165 |   0.0 |       0 |      26 |   0.0 |  1057
           D:3 |       0 |     139 |   0.0 |       0 |       5 |   0.0 |   213
           D:5 |       0 |      15 |   0.0 |       0 |       2 |   0.0 |    39
               +---------+---------+-------+---------+---------+-------+---------
